 Dungeon Crawl Stone Soup version 0.31.0-11-ge490571c62 (webtiles) character file.

Game seed: 5494096029158296189

115 qw the Skirmisher (level 4, 0/25 HPs)
             Began as a Deep Elf Hunter on Feb 4, 2024.
             Slain by a gnoll
             ... wielding a +0 flail
              (8 damage)
             ... on level 2 of the Dungeon.
             The game lasted 00:00:04 (1190 turns).

qw the Skirmisher (Deep Elf Hunter)                 Turns: 1190, Time: 00:00:04

Health: 0/25       AC:  5    Str: 10    XL:     4   Next: 68%
Magic:  6/6        EV: 11    Int: 14    God:
Gold:   154        SH:  0    Dex: 18    Spells: 3/3 levels left

rFire   . . .        a - +0 shortbow
rCold   . . .        (shield currently unavailable)
rNeg    . . .        h - +0 ring mail
rPois   .            (no helmet)
rElec   .            (no cloak)
rCorr   .            (no gloves)
SInv    .            (no boots)
Will    .....        g - amulet of the acrobat
Stlth   +            (no ring)
HPRegen 0.24/turn    (no ring)
MPRegen 0.10/turn

%: acrobat
@: no status effects
A: no striking features
a: no special abilities


You were on level 2 of the Dungeon.
You visited 1 branch of the dungeon, and saw 2 of its levels.

You collected 154 gold pieces.


   Skills:
 - Level 1.5 Fighting
 + Level 8.1 Ranged Weapons
 - Level 2.4 Dodging
 - Level 1.2 Stealth


You had 3 spell levels left.
You didn't know any spells.
Your spell library was empty.

Inventory:

Hand Weapons
 a - a +0 shortbow (weapon)
Armour
 h - a +0 ring mail (worn)
Jewellery
 b - a ring of fire
 g - an amulet of the acrobat (around neck)
Scrolls
 c - a scroll of immolation {unknown}
Potions
 d - a potion of enlightenment
 e - 2 potions of cancellation {unknown}

Dungeon Overview and Level Annotations

Branches:
Dungeon (2/15)

Altars:


Message History

Things that are here:
a +0 flail; a gnoll corpse A gnoll and Natasha come into view.
Natasha hisses angrily.
You hear a shout!
A gnoll comes into view. It is wielding a +0 club.
A gnoll comes into view. It is wielding a +0 flail.
You shoot an arrow. The gnoll shouts!
The arrow hits Natasha.
Natasha is lightly wounded.
You shoot an arrow. The arrow hits Natasha.
Natasha is heavily wounded.
Natasha stares at you and mumbles some strange words.
The magic dart hits you.
You shoot an arrow. The arrow hits Natasha!
You kill Natasha!
Suddenly Natasha's spirit rises from her lifeless body.
Your Ranged Weapons skill increases to level 8!
You shoot an arrow. The arrow hits the gnoll.
The gnoll is moderately wounded.
You shoot an arrow. The arrow hits the gnoll.
The gnoll is moderately wounded.
The gnoll closely misses you.
You shoot an arrow. The arrow closely misses the gnoll.
The gnoll hits you with a +0 whip.
A ball python comes into view.
You shoot an arrow. The arrow closely misses the gnoll.
The ball python hisses angrily.
The gnoll hits you with a +0 whip.
You shoot an arrow. The arrow barely misses the gnoll.
The gnoll hits you with a +0 whip.
You shoot an arrow. The arrow hits the gnoll!
The gnoll is almost dead.
The gnoll hits you with a +0 whip!
You shoot an arrow. The arrow hits the gnoll.
You kill the gnoll!
You shoot an arrow. The arrow hits the gnoll.
The gnoll is heavily wounded.
The gnoll hits you with a +0 flail!
You die...

#..#
......
#... .....
#..# ....
#..# ...
#..# ..
#..#
#.####g
#..#
#....g#
#..# #@#
#..# #)#
#..# #.#
#... #.#
#...
#.####
#...
#....# .#
#...
#....# #.#
#...
#....# #.#
#...
#....###.#
#..#


You could see 2 gnolls.

Vanquished Creatures
  Natasha (twice) (D:2)
  An adder (D:2)
  2 gnolls (D:2)
  3 ball pythons (D:2)
  3 endoplasms
  A giant cockroach (D:1)
  A goblin (D:1)
  4 hobgoblins
  7 jackals (D:1)
  4 bats
  2 kobolds
  8 rats
38 creatures vanquished.

Notes
Turn   | Place    | Note
-------+----------+-------------------------------------------
     0 | D:1      | qw the Deep Elf Hunter began the quest for the Orb.
     0 | D:1      | Reached XP level 1. HP: 12/12 MP: 3/3
     0 | D:1      | 0 ||| qw: Version: 0.3-a-160-g6735b56
     0 | D:1      | 0 ||| qw: Game counter: 4717
     0 | D:1      | 0 ||| qw: Melee chars always use a shield: true
     0 | D:1      | 0 ||| qw: God list: Okawaru
     0 | D:1      | 0 ||| qw: Allow faded altars: false
     0 | D:1      | 0 ||| qw: Do Orc after clearing Dungeon:15 true
     0 | D:1      | 0 ||| qw: Do second Lair branch before Depths: true
     0 | D:1      | 0 ||| qw: Lair rune preference: random
     0 | D:1      | 0 ||| qw: Goals: Normal
     0 | D:1      | 0 ||| PLANNING D:1-11
    83 | D:1      | Reached skill level 6 in Ranged Weapons
    83 | D:1      | Reached XP level 2. HP: 16/16 MP: 4/4
   471 | D:1      | 471 ||| UPGRADING to +0 ring mail.
   481 | D:1      | 481 ||| DROPPING +0 leather armour.
   482 | D:1      | 482 ||| UPGRADING to amulet of the acrobat.
   487 | D:1      | 487 ||| READING scroll labelled MAVOMP ATSO.
   488 | D:1      | 488 ||| DRINKING 2 emerald potions.
   489 | D:1      | 489 ||| DRINKING 4 bubbling golden potions.
   490 | D:1      | 490 ||| DROPPING scroll of butterflies.
   491 | D:1      | 491 ||| DROPPING 3 potions of brilliance.
   513 | D:2      | Reached XP level 3. HP: 9/20 MP: 5/5
   887 | D:2      | Reached skill level 7 in Ranged Weapons
  1079 | D:2      | Noticed Natasha
  1081 | D:2      | 1081 ||| FLEEEEING.
  1085 | D:2      | Killed Natasha
  1086 | D:2      | Reached XP level 4. HP: 19/25 MP: 6/6
  1179 | D:2      | Noticed Natasha
  1182 | D:2      | Killed Natasha
  1183 | D:2      | Reached skill level 8 in Ranged Weapons
  1190 | D:2      | Slain by a gnoll

Levels and vault maps discovered:
D:1:      psy_arrival_spokes, layout_rooms, hangedman_decor_opposing
D:2:      layout_basic, uniq_robin, uniq_natasha, uniq_jessica

Skill      XL: |  1  2  3  4 |
---------------+-------------+-----
Ranged Weapons | 6 7 8 |  8.1
Fighting       | |  1.5
Dodging        | |  2.4
Stealth        | |  1.2

Action                     |  1- 3 |  4- 6 || total
---------------------------+-------+-------++-------
   Fire: Shortbow          |    86 |    22 ||   108
    Use: Potion            |     2 |       ||     2
         Scroll            |     1 |       ||     1
 Armour: Leather armour    |     3 |       ||     3
         Ring mail         |    14 |     8 ||    22
  Dodge: Dodged            |    11 |     3 ||    14

Table legend:
 A = Non-vault XP
 B = Vault XP
 C = Vault XP percentage of total XP
 D = Non-vault monster count
 E = Vault monster count
 F = Vault count percentage of total count
                 A         B        C        D         E       F
            +---------+---------+-------+---------+---------+-------
      Total |     130 |      35 |  21.2 |      37 |       1 |   2.6
            +---------+---------+-------+---------+---------+-------
        D:1 |      34 |       0 |   0.0 |      21 |       0 |   0.0
        D:2 |      96 |      35 |  26.7 |      16 |       1 |   5.9
            +---------+---------+-------+---------+---------+-------
